 Dungeon Crawl Stone Soup version 0.19-a0-1732-g0b18a7b (webtiles) character file.

437 4thArraOfDagon the Slasher (level 6, -1/56 HPs)
             Began as a Minotaur Monk on Sept 30, 2016.
             Was a Believer of the Shining One.
             Splashed by a jelly's acid (8 damage)
             ... on level 8 of the Dungeon.
             The game lasted 00:03:40 (740 turns).

4thArraOfDagon the Slasher (Minotaur Monk)           Turns: 740, Time: 00:03:41

Health: -1/56      AC:  6    Str: 13 (15) XL:     6   Next: 69%
Magic:  5/5        EV: 13    Int:  9      God:    the Shining One [**....]
Gold:   123        SH:  0    Dex: 13      Spells: 0 memorised, 5 levels left

rFire  . . .     SeeInvis .     a - +1 falchion
rCold  . . .     Gourm    .     d - +0 ring mail
rNeg   + . .     Faith    .     (no shield)
rPois  .         Spirit   .     (helmet restricted)
rElec  .         Dismiss  .     f - +0 cloak
rCorr  .         Reflect  .     (no gloves)
MR     .....     Harm     .     (no boots)
Stlth  +.........               (no amulet)
                                (no ring)
                                j - ring of wizardry

@: glowing
A: retaliatory headbutt, horns 2
a: Divine Shield, Renounce Religion


You were on level 8 of the Dungeon.
You worshipped the Shining One.
The Shining One was pleased with you.
You were not hungry.

You visited 1 branch of the dungeon, and saw 6 of its levels.

You collected 123 gold pieces.

Inventory:

Hand Weapons
 a - a +1 falchion (weapon)
Armour
 b - a +0 robe
 d - a +0 ring mail (worn)
 f - a +0 cloak (worn)
Jewellery
 j - a ring of wizardry (left hand)
Scrolls
 e - a scroll of identify
 g - 2 scrolls of remove curse
 l - a scroll of amnesia {unknown}
Potions
 h - 2 potions of cancellation
 k - a potion of degeneration
Comestibles
 c - a bread ration
 i - 2 meat rations


   Skills:
 + Level 5.5 Fighting
 * Level 7.0 Long Blades
 + Level 5.0 Dodging
 - Level 1.5 Stealth


You had 5 spell levels left.
You didn't know any spells.

Dungeon Overview and Level Annotations

Branches:
Dungeon (5/15)
 Temple: D:4-7

Altars:
Hepliaklqana
Vehumet
Yredelemnul
Zin
The Shining One

Annotations:
D:5 Eustachio


Innate Abilities, Weirdness & Mutations

You reflexively headbutt those who attack you in melee.
You have a pair of horns on your head.


Message History

The jelly is lightly wounded.
The jelly barely misses you.
You hit the jelly but do no damage.
Your hands burn!
* * * LOW HITPOINT WARNING * * *
The jelly is lightly wounded.
The jelly hits you.
* * * LOW HITPOINT WARNING * * *
You are splashed with acid!
The acid burns!
* * * LOW HITPOINT WARNING * * *
The jelly jiggles.
Okay, then.
You hear the hiss of a distant avalanche of sand.
Unknown command.
The jelly jiggles.
You are no longer corroded.
Unknown command.
The jelly hits you.
* * * LOW HITPOINT WARNING * * *
You are splashed with acid!
The acid burns!
You die...

#.###...#..#............
#......#...###..)†......
#.......#....#....).....
#%.....##....##..)[.....
#..........#_.#.........
#......##.....#.....####
#......#.....##.....#
#......#...###......#
#......@#!###.......#
######J####.........#
#..##..........#
#..............#
#######........#
#........# ##########


You could see a jelly.

Vanquished Creatures
  An ice beast (D:8)
  2 bullfrogs
  A centaur zombie (D:8)
  A jelly (D:8)
  A hound (D:8)
  An orc wizard (D:8)
  An orc priest (D:8)
  An adder (D:8)
  A worm (D:3)
  A dart slug (D:2)
  2 leopard geckos
  5 orcs
  A giant cockroach (D:4)
  4 goblins
  4 hobgoblins
  5 jackals
  3 kobolds
  2 quokkas
  2 ball pythons
  3 bats
  A rat (D:3)
43 creatures vanquished.

Notes
Turn   | Place    | Note
-------+----------+-------------------------------------------
     0 | D:1      | 4thArraOfDagon the Minotaur Monk began the quest for the Orb.
     0 | D:1      | Reached XP level 1. HP: 19/19 MP: 0/0
    57 | D:2      | Found a radiant altar of Vehumet.
    66 | D:2      | Reached skill level 4 in Long Blades
   101 | D:2      | Reached XP level 2. HP: 27/27 MP: 1/1
   178 | D:2      | Reached XP level 3. HP: 26/33 MP: 2/2
   384 | D:4      | Noticed a bullfrog
   391 | D:4      | Killed a bullfrog
   391 | D:4      | Reached skill level 5 in Long Blades
   391 | D:4      | Reached XP level 4. HP: 23/41 MP: 3/3
   496 | D:3      | Found a glowing silver altar of Zin.
   506 | D:3      | Found a basalt altar of Yredelemnul.
   508 | D:3      | Found a hazy altar of Hepliaklqana.
   564 | D:5      | Entered Level 5 of the Dungeon
   575 | D:5      | Noticed Eustachio
   589 | D:5      | You fall through a shaft for 3 floors!
   606 | D:8      | Reached XP level 5. HP: 47/47 MP: 4/4
   632 | D:8      | Reached skill level 5 in Fighting
   663 | D:8      | Found a glowing golden altar of the Shining One.
   663 | D:8      | Noticed an ice beast
   667 | D:8      | Reached skill level 6 in Long Blades
   667 | D:8      | Reached XP level 6. HP: 43/56 MP: 5/5
   689 | D:8      | Killed an ice beast
   699 | D:8      | Became a worshipper of the Shining One
   699 | D:8      | Reached * piety under the Shining One
   699 | D:8      | Reached ** piety under the Shining One
   706 | D:8      | Reached skill level 7 in Long Blades
   706 | D:8      | Reached skill level 5 in Dodging
   740 | D:8      | Splashed by a jelly's acid

Vault maps used:
D:1:      erik_arrival_triangle_medium
D:2:      nicolae_overflow_crystal_walls
D:3:      minitemple
D:4:      gammafunk_temple_overflow_elements
D:5:      kennysheep_mini, first_bread, uniq_edmund, uniq_sigmund, uniq_duvessa,
          uniq_eustachio
D:8:      overflow_temple_1_default, nicolae_ossuary_entry_giza,
          minmay_ruined_shrine

Skill      XL: |  1  2  3  4  5  6 |
---------------+-------------------+-----
Long Blades    | 4 5 6 7 |  7.0
Fighting       | 4 5 |  5.5
Dodging        | 4 5 |  5.0
Stealth        | |  1.5

Action                   |  1- 3 |  4- 6 || total
-------------------------+-------+-------++-------
Melee: Falchion          |    68 |    69 ||   137
       Headbutt          |    16 |     7 ||    23
  Use: Scroll            |       |     4 ||     4
       Potion            |       |     4 ||     4
 Stab: Sleeping          |     1 |       ||     1
       Invisible         |       |     7 ||     7
Armor: Ring mail         |    19 |    17 ||    36
       Skin              |       |    65 ||    65
Dodge: Dodged            |    43 |    23 ||    66
